 Dungeon Crawl Stone Soup version 0.31-a0-188-g5e087ee2ca (webtiles) character file.

Game seed: 11063832135866147676

474 qw the Skirmisher (level 6, -4/35 HPs)
             Began as a Deep Elf Hunter on June 23, 2023.
             Slain by a hobgoblin (5 damage)
             ... led by Robin
             ... on level 4 of the Dungeon.
             The game lasted 00:01:23 (2835 turns).

qw the Skirmisher (Deep Elf Hunter)                 Turns: 2835, Time: 00:01:24

Health: -4/35      AC:  5    Str: 10    XL:     6   Next: 84%
Magic:  8/8        EV: 16    Int: 14    God:
Gold:   13         SH:  0    Dex: 18    Spells: 5/5 levels left

rFire   + . .        Y - +0 shortbow (elec)
rCold   . . .        (shield currently unavailable)
rNeg    . . .        e - +0 ring mail
rPois   .            (no helmet)
rElec   .            (no cloak)
rCorr   .            (no gloves)
SInv    .            (no boots)
Will    .....        (no amulet)
Stlth   +            a - ring of protection from fire
HPRegen 0.25/turn    g - +5 ring of evasion
MPRegen 0.11/turn

%: no passive effects
@: no status effects
A: no striking features
a: no special abilities


You were on level 4 of the Dungeon.
You visited 1 branch of the dungeon, and saw 4 of its levels.

You collected 133 gold pieces.
You spent 120 gold pieces at shops.


   Skills:
 - Level 2.0 Fighting
 + Level 10.2 Ranged Weapons
 - Level 3.4 Dodging
 - Level 1.2 Stealth


You had 5 spell levels left.
You didn't know any spells.
Your spell library was empty.

Inventory:

Hand Weapons
 Y - a +0 shortbow of electrocution (weapon)
Armour
 e - a +0 ring mail (worn)
Jewellery
 a - a ring of protection from fire (left hand)
 g - a +5 ring of evasion (right hand)
Scrolls
 j - a scroll of identify
Potions
 c - a potion of mutation {unknown}
 d - a potion of curing
 f - a potion of berserk rage {unknown}
 k - a potion of lignification {unknown}

Dungeon Overview and Level Annotations

Branches:
Dungeon (4/15)
 Temple: D:4-7

Altars:

Shops:
D:3 *

Annotations:
D:4 exclusion: 14 gnolls, Robin


Message History

You shoot an arrow. The arrow completely misses the goblin.
The goblin closely misses you. x2; Robin throws the goblin at you!
The hobgoblin completely misses you.
You shoot an arrow.
The arrow hits the goblin but does no damage.
The hobgoblin hits you. The goblin closely misses you.
The goblin hits you with a +0 club. The goblin completely misses you.
Robin's horned helmet rattles.
The hobgoblin misses you.
You shoot an arrow. The arrow hits the goblin!
You kill the goblin!
The hobgoblin hits you but does no damage.
The goblin hits you with a +0 club. The hobgoblin barely misses you.
The goblin hits you but does no damage.
You shoot an arrow. The arrow closely misses the goblin.
The goblin closely misses you.
The hobgoblin hits you but does no damage.
The goblin misses you.
You shoot an arrow. The arrow hits the goblin!
You kill the goblin!
The hobgoblin hits you. x2; The goblin hits you with a +0 dagger.
You shoot an arrow. The arrow barely misses the hobgoblin.
The hobgoblin misses you. x2; The hobgoblin closely misses you.
The hobgoblin misses you. The goblin barely misses you.
You shoot an arrow. The arrow barely misses the hobgoblin.
The goblin no longer looks unusually strong.
The hobgoblin no longer looks unusually strong.
The hobgoblin hits you. The hobgoblin closely misses you.
The hobgoblin completely misses you. The goblin closely misses you.
The hobgoblin misses you.
You shoot an arrow. The arrow barely misses the hobgoblin.
The hobgoblin no longer looks unusually strong.
The hobgoblin closely misses you. The hobgoblin barely misses you.
The hobgoblin hits you. The hobgoblin closely misses you.
The goblin closely misses you.
You shoot an arrow.
The arrow hits the hobgoblin but does no damage.
The hobgoblin barely misses you. The hobgoblin closely misses you.
The hobgoblin hits you.
You die...

################
##~~..#..)#......#
#~~~..'..)'....g)#
##~~~..#...#...g@g#
#~~#########..##gg#
#~~#.........!#.g.#
...'.....)....#...#
...'....).....#..)#
...'..........#...#
#~~#.......)..#...#
#~~#########..#...#
##~~~..# #..#


You could see Robin, 4 hobgoblins and a goblin.

Vanquished Creatures
  An ogre (D:4)
  A phantom (D:4)
  A scorpion (D:4)
  2 hounds (D:4)
  An orc priest (D:4)
  An iguana (D:4)
  An adder (D:2)
  2 gnolls (D:4)
  A worm (D:4)
  5 dart slugs
  3 orcs (D:4)
  5 bats
  7 endoplasms
  5 giant cockroaches
  18 goblins
  5 hobgoblins
  5 jackals
  4 quokkas
  8 ball pythons
  7 frilled lizards
  8 kobolds
  6 rats
97 creatures vanquished.

Notes
Turn   | Place    | Note
-------+----------+-------------------------------------------
     0 | D:1      | qw the Deep Elf Hunter began the quest for the Orb.
     0 | D:1      | Reached XP level 1. HP: 12/12 MP: 3/3
     0 | D:1      | 0 ||| qw: Version: 0.3-a-9-g12657ce
     0 | D:1      | 0 ||| qw: Game counter: 4259
     0 | D:1      | 0 ||| qw: Always use a shield: true
     0 | D:1      | 0 ||| qw: God list: Okawaru
     0 | D:1      | 0 ||| qw: Allow faded altars: false
     0 | D:1      | 0 ||| qw: Do Orc after D:15 true
     0 | D:1      | 0 ||| qw: Do second Lair branch before Depths: true
     0 | D:1      | 0 ||| qw: Lair rune preference: random
     0 | D:1      | 0 ||| qw: Plans: Normal
     0 | D:1      | 0 ||| PLANNING D:1-11
   125 | D:1      | Found a faded altar of an unknown god.
   218 | D:1      | Reached XP level 2. HP: 16/16 MP: 4/4
   232 | D:1      | Reached skill level 6 in Ranged Weapons
   586 | D:1      | 586 ||| UPGRADING to +0 ring mail.
   596 | D:1      | 596 ||| DROPPING +0 leather armour.
   597 | D:1      | 597 ||| READING scroll labelled ONELOY VONWE.
   598 | D:1      | 598 ||| READING scroll labelled ODDU JOGUTRAPEX.
   599 | D:1      | 599 ||| READING scroll labelled UMAGUG WUPPE.
   600 | D:1      | 600 ||| DROPPING scroll of butterflies.
   640 | D:2      | 640 ||| STAIRDANCE
   697 | D:2      | Reached XP level 3. HP: 20/20 MP: 5/5
   894 | D:2      | Reached skill level 7 in Ranged Weapons
   976 | D:2      | 976 ||| FLEEEEING.
   977 | D:2      | 977 ||| FLEEEEING.
  1577 | D:3      | Reached XP level 4. HP: 25/25 MP: 6/6
  1729 | D:3      | Found Akkomam's Assorted Antiques.
  1732 | D:3      | 1732 ||| BUYING bubbling black potion (18 gold).
  1732 | D:3      | Bought a bubbling black potion for 18 gold pieces
  1732 | D:3      | 1732 ||| BUYING fizzy silvery potion (18 gold).
  1732 | D:3      | Bought a fizzy silvery potion for 18 gold pieces
  1732 | D:3      | 1732 ||| BUYING glass wand (84 gold).
  1732 | D:3      | Bought a glass wand for 84 gold pieces
  1732 | D:3      | 1732 ||| SHOPLISTING scroll labelled MUAVAF GERYEP (21
                  | gold, have 3).
  1732 | D:3      | 1732 ||| SHOPLISTING scroll labelled QIMPID XIOBLAPT (21
                  | gold, have 3).
  1732 | D:3      | 1732 ||| SHOPLISTING scroll labelled QOXTE HIUSKACRO (21
                  | gold, have 3).
  1732 | D:3      | 1732 ||| SHOPLISTING yellow potion (18 gold, have 3).
  1960 | D:3      | 1960 ||| READING scroll labelled XIS YHAITAOHEU.
  1961 | D:3      | 1961 ||| READING scroll labelled UCIUNGO FEWNERR.
  2062 | D:3      | 2062 ||| READING scroll labelled QOXTE HIUSKACRO.
  2063 | D:3      | 2063 ||| DRINKING 2 fizzy silvery potions.
  2064 | D:3      | 2064 ||| DRINKING 2 metallic red potions.
  2065 | D:3      | 2065 ||| READING 2 scrolls of identify.
  2065 | D:3      | 2065 ||| IDENTIFYING sapphire potion
  2066 | D:3      | 2066 ||| DROPPING potion of degeneration.
  2067 | D:3      | 2067 ||| DROPPING wand of charming (3).
  2105 | D:4      | Noticed an ogre
  2108 | D:4      | HP: 4/25 [ogre/+0 giant club (21)]
  2109 | D:4      | 2109 ||| DRINKING potion of heal wounds.
  2114 | D:4      | Killed an ogre
  2115 | D:4      | Reached skill level 8 in Ranged Weapons
  2115 | D:4      | Reached XP level 5. HP: 15/29 MP: 7/7
  2280 | D:4      | Noticed a phantom
  2295 | D:4      | Killed a phantom
  2296 | D:4      | Reached skill level 9 in Ranged Weapons
  2385 | D:4      | Reached XP level 6. HP: 35/35 MP: 8/8
  2408 | D:4      | 2408 ||| UPGRADING to ring of protection from fire.
  2420 | D:4      | 2420 ||| UPGRADING to +5 ring of evasion.
  2427 | D:4      | 2427 ||| FLEEEEING.
  2428 | D:4      | 2428 ||| STAIRDANCE
  2494 | D:3      | 2494 ||| READING scroll labelled SELUNE ODEORO.
  2686 | D:4      | 2686 ||| FLEEEEING.
  2687 | D:4      | 2687 ||| FLEEEEING.
  2688 | D:4      | 2688 ||| FLEEEEING.
  2689 | D:4      | 2689 ||| FLEEEEING.
  2755 | D:4      | Reached skill level 10 in Ranged Weapons
  2757 | D:4      | Reached skill level 3 in Dodging
  2810 | D:4      | 2810 ||| Stepping ~*~*~tactically~*~*~ (outnumbered).
  2820 | D:4      | Noticed Robin
  2833 | D:4      | HP: 6/35 [hobgoblin[Robin] (5)]
  2834 | D:4      | HP: 1/35 [hobgoblin[Robin] (6)]
  2835 | D:4      | Slain by a hobgoblin

Levels and vault maps discovered:
D:1:      saegor_arrival_simple_b, layout_loops_cross,
          shapermc_ecumenical_altar_gd
D:2:      wad_crossroads, layout_basic
D:3:      layout_loops_ring, serial_shops, nicolae_shop_tiny_real_fake_doors
D:4:      kennysheep_goblin_castle, layout_loops_corners

Skill      XL: |  1  2  3  4  5  6 |
---------------+-------------------+-----
Ranged Weapons | 6 7 8 9 10 | 10.2
Fighting       | 2 |  2.0
Dodging        | 3 |  3.4
Stealth        | |  1.2

Action                     |  1- 3 |  4- 6 || total
---------------------------+-------+-------++-------
   Fire: Shortbow          |   106 |   142 ||   248
    Use: Scroll            |     3 |     5 ||     8
         Potion            |       |     3 ||     3
 Armour: Leather armour    |     2 |       ||     2
         Ring mail         |     5 |    14 ||    19
  Dodge: Dodged            |    19 |    62 ||    81

Table legend:
 A = Non-vault XP
 B = Vault XP
 C = Vault XP percentage of total XP
 D = Non-vault monster count
 E = Vault monster count
 F = Vault count percentage of total count
                 A         B        C        D         E       F
            +---------+---------+-------+---------+---------+-------
      Total |     646 |      32 |   4.7 |      78 |      19 |  19.6
            +---------+---------+-------+---------+---------+-------
        D:1 |      30 |       0 |   0.0 |      19 |       0 |   0.0
        D:2 |      48 |       5 |   9.4 |      20 |       4 |  16.7
        D:3 |      34 |       0 |   0.0 |      17 |       0 |   0.0
        D:4 |     534 |      27 |   4.8 |      22 |      15 |  40.5
            +---------+---------+-------+---------+---------+-------
